 Dungeon Crawl Stone Soup version 0.27-a0-1065-ge809cff456 (webtiles) character file.

Game seed: 10647068878240473990

154 flotson the Covert (level 5, 0/47 HPs)
             Began as a Gnoll Delver on Apr 23, 2021.
             Was a Believer of Fedhas.
             Slain by an orc
             ... wielding a +4 hand axe
              (6 damage)
             ... on level 3 of the Dungeon.
             The game lasted 00:03:51 (2722 turns).

flotson the Covert (Gnoll Delver)                   Turns: 2722, Time: 00:03:51

Health: 0/47       AC:  6    Str: 12    XL:     5   Next: 35%
Magic:  7/7        EV: 10    Int: 10    God:    Fedhas [**....]
Gold:   112        SH:  0    Dex: 13    Spells: 6/6 levels left

rFire    . . .     SeeInvis +   a - +0 hand axe
rCold    . . .     Faith    .   (no shield)
rNeg     . . .     Spirit   .   i - +0 scale mail
rPois    .         Reflect  .   (no helmet)
rElec    .         Harm     .   (no cloak)
rCorr    .         Rampage  .   (no gloves)
Will     .....                  (no boots)
Stlth    +++.......             (no amulet)
HPRegen  0.15/turn              k - ring of see invisible
MPRegen  0.10/turn              (no ring)

@: no status effects
A: fangs 1, strong nose, distributed training
a: Renounce Religion, Wall of Briars


You were on level 3 of the Dungeon.
You worshipped Fedhas.
Fedhas was pleased with you.
You visited 2 branches of the dungeon, and saw 6 of its levels.

You collected 112 gold pieces.

Inventory:

Hand Weapons
 a - a +0 hand axe (weapon)
Missiles
 j - 22 bolts
Armour
 i - a +0 scale mail (worn)
Magical Staves
 o - a staff of death
Jewellery
 k - a ring of see invisible (left hand)
Wands
 g - a wand of digging (3)
Scrolls
 b - a scroll of immolation {unknown}
 c - a scroll of fog
 d - a scroll of magic mapping
 e - a scroll of fear
 l - a scroll of noise {unknown}
 n - 2 scrolls of identify {unknown}
 p - a scroll of torment {unknown}
 r - a scroll of acquirement {unknown}
Potions
 f - a potion of haste
 h - a potion of heal wounds {unknown}
 m - a potion of curing {unknown}
 q - a potion of brilliance {unknown}


   Skills:
 + Level 6.7 Fighting
 + Level 1.4 Short Blades
 + Level 1.4 Long Blades
 + Level 4.8 Axes
 + Level 1.4 Maces & Flails
 + Level 1.4 Polearms
 + Level 1.4 Staves
 + Level 1.4 Slings
 + Level 1.4 Bows
 + Level 1.4 Crossbows
 + Level 1.4 Throwing
 + Level 1.4 Armour
 + Level 4.8 Dodging
 + Level 9.6 Stealth
 + Level 1.4 Shields
 + Level 1.4 Unarmed Combat
 + Level 1.4 Spellcasting
 + Level 1.1 Conjurations
 + Level 1.1 Hexes
 + Level 1.1 Summonings
 + Level 1.1 Necromancy
 + Level 1.1 Translocations
 + Level 1.1 Transmutations
 + Level 1.1 Fire Magic
 + Level 1.1 Ice Magic
 + Level 1.1 Air Magic
 + Level 1.1 Earth Magic
 + Level 1.1 Poison Magic
 + Level 1.6 Invocations
 + Level 1.4 Evocations


You had 6 spell levels left.
You didn't know any spells.
Your spell library contained the following spells:

 Spells                   Type           Power      Damage    Failure   Level
 Animate Skeleton         Necr           6%         N/A       73%         1
 Pain                     Necr           12%        1d4       73%         1
 Vampiric Draining        Necr           1%         2d6       97%         3
 Animate Dead             Necr           1%         N/A       100%        4
 Agony                    Necr           3%         N/A       100%        5


Dungeon Overview and Level Annotations

Branches:
Dungeon (5/15)             Temple (1/1) D:5

Altars:
Ashenzari
Cheibriados
Elyvilon
Fedhas
Gozag
Hepliaklqana
Nemelex Xobeh
Qazlal
Uskayaw
Wu Jian
Xom
Yredelemnul
Zin
The Shining One

Shops:
D:5 *

Portals:
Abyss: D:3

Annotations:
D:3 2 transporters, Splishie's ghost, amateur GnWn
D:5 Prince Ribbit


Innate Abilities, Weirdness & Mutations

You have very sharp teeth.
Your uncanny sense of smell can sniff out nearby items.
Your experience applies equally to all skills.


Message History

The orc wizard gestures at you while chanting.
The puff of flame misses you.
You slash the orc wizard!
The orc wizard is almost dead.
The orc wizard hits you but does no damage.
You hit the orc wizard.
You kill the orc wizard!
Fedhas appreciates your contribution to the ecosystem.
You hit the orc priest.
The orc priest is moderately wounded.
The orc priest misses you.
Your scale mail prevents you from hitting the orc priest.
The orc priest is moderately wounded.
The orc priest misses you.
You barely miss the orc priest.
The orc priest is moderately wounded.
The orc priest hits you but does no damage.
You hit the orc priest but do no damage.
The orc priest is moderately wounded.
The orc priest barely misses you.
You hit the orc priest.
The orc priest is severely wounded.
The orc priest hits you with a +0 dagger.
You closely miss the orc priest.
The orc priest is severely wounded.
The orc priest invokes the aid of Beogh against you.
Beogh smites you!
* * * LOW HITPOINT WARNING * * *
You hit the orc priest but do no damage.
The orc priest is severely wounded.
The orc priest casts a cantrip, but nothing happens.
You barely miss the orc priest.
The orc priest is severely wounded.
The orc priest hits you but does no damage.
You hit the orc priest.
You kill the orc priest!
Fedhas appreciates your contribution to the ecosystem.
The orc hits you with a +4 hand axe.
You die...
Fedhas appreciates your contribution to the ecosystem.

#...##..##.....####...#
###....#########......#######.
###### #.##...........
#.##...........
#.##.≈PP≈P..P≈.
#.##.≈≈≈≈P.≈≈≈≈
#.##.≈≈PP≈≈≈≈P≈
#.##.≈≈≈≈≈PP≈P≈
#@##.≈PP≈≈P≈≈≈P
#o#..PP≈P≈≈≈≈PP #.# #.# #.#
#.# #.# #.#


You could see an orc.

Vanquished Creatures
  An orc priest (D:3)
  An orc wizard (D:3)
  A hound skeleton (D:5)
  5 adders
  A worm (D:2)
  A dart slug (D:2)
  An orc (D:3)
  10 endoplasms
  3 giant cockroaches
  A goblin (D:1)
  3 hobgoblins
  6 jackals
  5 kobolds
  2 quokkas
  10 ball pythons
  5 bats
  2 frilled lizards
  5 rats
63 creatures vanquished.

Vanquished Creatures (others)
  2 plants (D:3)
2 creatures vanquished.

Grand Total: 65 creatures vanquished

Notes
Turn   | Place    | Note
-------+----------+-------------------------------------------
     0 | D:5      | Reached skill level 9 in Stealth
     0 | D:5      | flotson the Gnoll Delver began the quest for the Orb.
     0 | D:5      | Reached XP level 1. HP: 23/23 MP: 1/1
    10 | D:5      | Noticed Prince Ribbit
    49 | D:5      | Found a staircase to the Ecumenical Temple.
    56 | Temple   | Entered the Ecumenical Temple
    65 | Temple   | Became a worshipper of Fedhas Madash
    78 | D:5      | Found Emuopump's Elemental Accessories.
    94 | D:5      | Reached XP level 2. HP: 13/29 MP: 2/2
   284 | D:5      | Noticed an ogre
   361 | D:5      | Noticed a kobold brigand
   368 | D:5      | Reached XP level 3. HP: 21/35 MP: 3/3
   411 | D:4      | Found a sparkling altar of Nemelex Xobeh.
   615 | D:2      | Found a glowing golden altar of the Shining One.
   753 | D:1      | Reached skill level 1 in Invocations
   807 | D:1      | Found a faded altar of an unknown god.
   871 | D:1      | Reached * piety under Fedhas
   940 | D:1      | Reached skill level 1 in Short Blades
   940 | D:1      | Reached skill level 1 in Long Blades
   940 | D:1      | Reached skill level 1 in Maces & Flails
   940 | D:1      | Reached skill level 1 in Polearms
   940 | D:1      | Reached skill level 1 in Staves
   940 | D:1      | Reached skill level 1 in Slings
   940 | D:1      | Reached skill level 1 in Bows
   940 | D:1      | Reached skill level 1 in Crossbows
   940 | D:1      | Reached skill level 1 in Throwing
   940 | D:1      | Reached skill level 1 in Armour
   940 | D:1      | Reached skill level 1 in Shields
   940 | D:1      | Reached skill level 1 in Unarmed Combat
   940 | D:1      | Reached skill level 1 in Spellcasting
   940 | D:1      | Reached skill level 1 in Evocations
  1441 | D:2      | Reached XP level 4. HP: 41/41 MP: 5/5
  1807 | D:2      | Reached skill level 1 in Conjurations
  1807 | D:2      | Reached skill level 1 in Hexes
  1807 | D:2      | Reached skill level 1 in Summonings
  1807 | D:2      | Reached skill level 1 in Necromancy
  1807 | D:2      | Reached skill level 1 in Translocations
  1807 | D:2      | Reached skill level 1 in Transmutations
  1807 | D:2      | Reached skill level 1 in Fire Magic
  1807 | D:2      | Reached skill level 1 in Ice Magic
  1807 | D:2      | Reached skill level 1 in Air Magic
  1807 | D:2      | Reached skill level 1 in Earth Magic
  1807 | D:2      | Reached skill level 1 in Poison Magic
  2433 | D:3      | Reached XP level 5. HP: 46/47 MP: 6/6
  2443 | D:3      | Reached ** piety under Fedhas
  2476 | D:3      | Found a transporter.
  2486 | D:3      | Noticed a toenail golem
  2603 | D:3      | Noticed a small abomination
  2604 | D:3      | Found a one-way gate to the infinite horrors of the Abyss.
  2604 | D:3      | Noticed Splishie's ghost (amateur GnWn)
  2630 | D:3      | Found a transporter.
  2722 | D:3      | Slain by an orc

Illustrated notes

Levels and vault maps discovered:
D:1:      nzn_arrival_settlement, layout_rooms,
          shapermc_ecumenical_altar_flowoftime
D:2:      kennysheep_six_static_rooms, layout_loops_ring, basic_altar,
          minmay_misc_feat_doors, chequers_serial_rivers_micro_a
D:3:      layout_basic, gammafunk_ghost_abyssal_escape, serial_bayou,
          serial_bayou_crossing, serial_bayou_lagoon_a, serial_bayou_shore_a,
          serial_bayou_shore_b
D:4:      layout_rooms, lemuel_crystal_altar
D:5:      layout_gridville, minmay_temple_entry_junction,
          small_statue_intersection, minivault_27, kennysheep_minor_cross,
          nicolae_elemental_shop, minmay_misc_feat_plants, uniq_grinder,
          uniq_prince_ribbit1
Temple:   compressed_dpeg_triangle_lava_temple

Skill      XL: |  1  2  3  4 |
---------------+-------------+-----
Stealth        | |  9.6
Invocations    | 1 |  1.6
Short Blades   | 1 |  1.4
Long Blades    | 1 |  1.4
Maces & Flails | 1 |  1.4
Polearms       | 1 |  1.4
Staves         | 1 |  1.4
Slings         | 1 |  1.4
Bows           | 1 |  1.4
Crossbows      | 1 |  1.4
Throwing       | 1 |  1.4
Armour         | 1 |  1.4
Shields        | 1 |  1.4
Unarmed Combat | 1 |  1.4
Spellcasting   | 1 |  1.4
Evocations     | 1 |  1.4
Conjurations   | 1 |  1.1
Hexes          | 1 |  1.1
Summonings     | 1 |  1.1
Necromancy     | 1 |  1.1
Translocations | 1 |  1.1
Transmutations | 1 |  1.1
Fire Magic     | 1 |  1.1
Ice Magic      | 1 |  1.1
Air Magic      | 1 |  1.1
Earth Magic    | 1 |  1.1
Poison Magic   | 1 |  1.1
Fighting       | |  6.7
Axes           | |  4.8
Dodging        | |  4.8

Action                   |  1- 3 |  4- 6 || total
-------------------------+-------+-------++-------
Melee: Hand axe          |    99 |   118 ||   217
       Bite              |    11 |     8 ||    19
 Stab: Sleeping          |     4 |    11 ||    15
Armor: Leather armour    |    12 |       ||    12
       Scale mail        |    16 |    46 ||    62
Dodge: Dodged            |    78 |    64 ||   142

Table legend: (Time is in decaauts)
 A = Elapsed time spent in this place.
 B = Non-inter-level travel time spent in this place.
 C = Inter-level travel time spent in this place.
 D = Time resting spent in this place.
 E = Time spent auto-exploring this place.
 F = Levels seen in this place.
 G = Mean time per level.
                   A        B        C        D        E       F      G
               +--------+--------+--------+--------+--------+-----+--------+
         Total |   2742 |   2664 |     78 |    315 |   1769 |   6 |  457.0 |
       Dungeon |   2724 |   2646 |     78 |    315 |   1768 |   5 |  544.8 |
        Temple |     18 |     18 |      0 |      0 |      1 |   1 |   18.0 |
               +--------+--------+--------+--------+--------+-----+--------+

Top non-repeatable levels by time:
     D:2: 1078 daAuts
     D:1: 654 daAuts
     D:3: 586 daAuts
     D:5: 361 daAuts
     D:4: 43 daAuts
  Temple: 18 daAuts
